 Dungeon Crawl Stone Soup version 0.23.1-37-gaa34b87b72 (webtiles) character file.

Game seed: 7783845511339372659

1283 Jukra the Cudgeler (level 8, 0/62 HPs)
             Began as a Demonspawn Berserker on Mar 23, 2019.
             Was an Elder of Trog.
             Slain by a wolf (7 damage)
             ... led by Grum
             ... on level 8 of the Dungeon.
             The game lasted 00:24:37 (4586 turns).

Jukra the Cudgeler (Demonspawn Berserker)           Turns: 4586, Time: 00:24:37

Health: 0/62       AC: 12    Str: 19    XL:     8   Next: 29%
Magic:  8/8        EV: 11    Int: 10    God:    Trog [****..]
Gold:   152        SH:  0    Dex: 12    Spells: 7/7 levels left

rFire    + . .     SeeInvis .   n - +1 morningstar (protect)
rCold    + . .     Gourm    .   (no shield)
rNeg     . . .     Faith    .   q - +2 chain mail {rF+}
rPois    .         Spirit   .   (no helmet)
rElec    .         Reflect  .   (no cloak)
rCorr    .         Harm     .   i - +0 pair of gloves
MR       ++...                  (no boots)
Stlth    ..........             (no amulet)
HPRegen  1.20/turn              (no ring)
MPRegen  0.11/turn              (no ring)

@: lethally poisoned (0 -> 0), berserk cooldown, regenerating, slowed, very slow
A: repulsion field 1, cold resistance 1, demonic guardian 1, freezing cloud
immunity
a: Berserk, Trog's Hand, Brothers in Arms, Renounce Religion


You were on level 8 of the Dungeon.
You worshipped Trog.
Trog was greatly pleased with you.
You were near starving.

You visited 1 branch of the dungeon, and saw 6 of its levels.

You collected 152 gold pieces.

Inventory:

Hand Weapons
 g - a +1 short sword of freezing
 m - a +2 hand axe of electrocution
 n - a +1 morningstar of protection (weapon)
Armour
 i - a +0 pair of gloves (worn)
 q - a +2 chain mail of fire resistance (worn)
Wands
 o - a wand of random effects (15)
Scrolls
 a - 3 scrolls of remove curse
 b - 3 scrolls of teleportation
 d - 4 scrolls of identify
 f - 2 scrolls of amnesia {unknown}
 j - a scroll of magic mapping
Potions
 e - a potion of heal wounds
 h - 3 potions of curing
 k - a potion of agility
 l - a potion of mutation {unknown}
 r - a potion of might {unknown}
 s - a potion of flight {unknown}
Comestibles
 c - 7 rations


   Skills:
 + Level 5.1 Fighting
 - Level 2.5(3.3) Short Blades
   Level 3.2(3.6) Long Blades
 * Level 5.3 Maces & Flails
 * Level 3.9 Armour
 + Level 3.8 Dodging
 + Level 1.5 Stealth


You had 7 spell levels left.
You didn't know any spells.
Your spell library contained the following spells:

 Spells                   Type           Power        Failure   Level  Hunger
 Animate Skeleton         Necr           N/A          99%         1    ##.....
 Apportation              Tloc           #.....       99%         1    ##.....
 Confusing Touch          Hex            #.....       99%         1    ##.....
 Summon Small Mammal      Summ           #...         99%         1    ##.....


Dungeon Overview and Level Annotations

Branches:
Dungeon (5/15)
 Temple: D:4-7

Altars:
Sif Muna
Uskayaw
Zin

Shops:
D:8 %

Annotations:
D:8 Grum


Innate Abilities, Weirdness & Mutations

You are surrounded by a mild repulsion field. (EV +2)
Your flesh is cold resistant. (rC+)
A weak demonic guardian rushes to your aid.
You are immune to freezing clouds.


Message History

The leopard gecko completely misses you.
The phantom blinks!
The leopard gecko bites you but does no damage.
The wolf bites you! The scorpion stings you.
* * * LOW HITPOINT WARNING * * *
You are more poisoned.
The scorpion poisons you! The wolf bites you but does no damage.
Grum hits you but does no damage. The leopard gecko misses you.
The leopard gecko bites you but does no damage.
The wolf bites you but does no damage.
You fail to use your ability.
You feel sick. The wolf bites you.
* * * LOW HITPOINT WARNING * * *
The wolf bites you.
* * * LOW HITPOINT WARNING * * *
The leopard gecko barely misses you. The wolf barely misses you.
The scorpion misses you. The leopard gecko closely misses you.
The phantom blinks!
Grum misses you. The wolf bites you.
* * * LOW HITPOINT WARNING * * *
The wolf bites you!
You die...

..... ..... ..
.....############..
....W..............
...................
.....[...<.........
.....5shl..........
.....gl@h...............
.....######.............
... ####............. .
##................
#.................
#.................
#..#'#............
#..+∩+...........)
#..#'#..##........


You could see Grum, a phantom, 2 wolves, a scorpion, 2 leopard geckos and a
friendly shadow imp.

Vanquished Creatures
  Menkaure (D:5)
  A sky beast (D:2)
  A centaur (D:8)
  A wolf (D:8)
  A bullfrog (D:5)
  A scorpion (D:4)
  A howler monkey (D:8)
  A bullfrog zombie (D:8)
  2 crimson imps (D:5)
  A hound (D:8)
  An orc priest (D:3)
  A bullfrog skeleton (D:4)
  2 orc wizards (D:5)
  An iguana (D:8)
  A worker ant (D:4)
  4 gnolls
  7 adders
  2 oozes
  An adder skeleton (D:8)
  3 worms
  A dart slug (D:2)
  2 leopard geckos
  20 orcs
  20 bats
  2 giant cockroaches (D:3)
  11 goblins
  2 hobgoblins
  4 jackals
  3 quokkas
  4 frilled lizards
  15 kobolds
  A quokka skeleton (D:8)
  14 rats
133 creatures vanquished.

Vanquished Creatures (collateral kills)
  The ghost of tidbits the Caller, an amateur FeSu of Cheibriados (D:5)
  A phantom (D:4)
  A scorpion (D:4)
  2 howler monkeys
  An orc priest (D:3)
  A worker ant (D:4)
  A gnoll (D:2)
  4 orcs
  3 jackals (D:4)
  2 bats
  A leopard gecko zombie (D:8)
18 creatures vanquished.

Grand Total: 151 creatures vanquished

Notes
Turn   | Place    | Note
-------+----------+-------------------------------------------
     0 | D:1      | Jukra the Demonspawn Berserker began the quest for the Orb.
     0 | D:1      | Reached XP level 1. HP: 18/18 MP: 1/1
    57 | D:1      | Gained mutation: A weak demonic guardian rushes to your
                  | aid. [demonic ancestry]
    57 | D:1      | Reached XP level 2. HP: 14/24 MP: 2/2
   585 | D:1      | Reached XP level 3. HP: 16/29 MP: 3/3
   593 | D:1      | Reached ** piety under Trog
  1484 | D:2      | Gained mutation: You are surrounded by a mild repulsion
                  | field. (EV +2) [demonic ancestry]
  1484 | D:2      | Reached XP level 4. HP: 14/36 MP: 4/4
  1739 | D:2      | Reached skill level 1 in Short Blades
  1741 | D:2      | Noticed a sky beast
  1759 | D:2      | Killed a sky beast
  1759 | D:2      | Reached skill level 1 in Stealth
  1759 | D:2      | Gained mutation: Your flesh is cold resistant. (rC+)
                  | [demonic ancestry]
  1759 | D:2      | Reached XP level 5. HP: 4/42 MP: 5/5
  2507 | D:3      | Found a hide-covered altar of Uskayaw.
  2553 | D:3      | Found a glowing silver altar of Zin.
  2660 | D:3      | Reached *** piety under Trog
  2691 | D:3      | Reached XP level 6. HP: 48/48 MP: 6/6
  3556 | D:3      | Found a deep blue altar of Sif Muna.
  3834 | D:4      | Reached skill level 1 in Maces & Flails
  3921 | D:4      | Reached XP level 7. HP: 40/55 MP: 7/7
  4248 | D:5      | Entered Level 5 of the Dungeon
  4271 | D:5      | Reached **** piety under Trog
  4290 | D:5      | Found a runed translucent door.
  4294 | D:5      | Noticed tidbits's ghost (amateur FeSu)
  4306 | D:5      | Noticed Menkaure
  4321 | D:5      | Killed Menkaure
  4341 | D:5      | Killed tidbits's ghost
  4341 | D:5      | Reached skill level 5 in Fighting
  4384 | D:5      | You fall through a shaft for 3 floors!
  4432 | D:8      | Gained mutation: You are immune to freezing clouds.
                  | [demonic ancestry]
  4432 | D:8      | Reached XP level 8. HP: 55/62 MP: 8/8
  4533 | D:8      | Reached skill level 5 in Maces & Flails
  4549 | D:8      | Found Vituig's Food Shoppe.
  4565 | D:8      | Noticed Grum
  4586 | D:8      | Slain by a wolf

Skill      XL: |  1  2  3  4  5  6  7  8 |
---------------+-------------------------+-----
Long Blades    | 3 |  3.2
Armour         | 2 3 |  3.9
Dodging        | 2 3 |  3.8
Short Blades   | 1 2 |  2.5
Stealth        | 1 |  1.5
Fighting       | 4 5 |  5.1
Maces & Flails | 1 4 5 |  5.3

Action                   |  1- 3 |  4- 6 |  7- 9 || total
-------------------------+-------+-------+-------++-------
Melee: Falchion          |    22 |       |       ||    22
       Dagger            |   189 |   343 |       ||   532
       Morningstar       |       |    34 |   114 ||   148
Invok: Berserk           |     1 |     6 |     3 ||    10
       Trog's Hand       |       |     5 |     4 ||     9
  Use: Scroll            |     5 |     4 |       ||     9
 Stab: Sleeping          |     1 |     2 |       ||     3
  Eat: Chunk             |     3 |    15 |     6 ||    24
Armor: Animal skin       |    18 |       |       ||    18
       Leather armour    |    73 |    34 |       ||   107
       Ring mail         |       |    85 |       ||    85
       Chain mail        |       |    74 |   106 ||   180
Dodge: Dodged            |   165 |   341 |   130 ||   636
       Rpst.: Falchion   |     3 |       |       ||     3
